 Dungeon Crawl Stone Soup version 0.30.0-29-ga12c61a403 (webtiles) character file.

Game seed: 4927342339214011123

266 Sabo the Chopper (level 5, -10/46 HPs)
             Began as a Demigod Fighter on June 11, 2023.
             Mangled by an ogre
             ... wielding a +0 giant club
              (25 damage)
             ... on level 4 of the Dungeon.
             The game lasted 00:16:36 (3027 turns).

Sabo the Chopper (Demigod Fighter)                  Turns: 3027, Time: 00:16:38

Health: -10/46     AC: 12    Str: 21    XL:     5   Next: 67%
Magic:  7/7        EV:  9    Int: 10    God:
Gold:   131        SH: 10    Dex: 13    Spells: 4/4 levels left

rFire   + . .        a - +0 war axe
rCold   . . .        c - +0 buckler
rNeg    . . .        y - +3 scale mail
rPois   .            (no helmet)
rElec   .            (no cloak)
rCorr   .            (no gloves)
SInv    .            o - +1 pair of boots
Will    .....        e - amulet of reflection
Stlth   x              - ring of protection from fire
HPRegen 0.27/turn    (no ring)
MPRegen 0.10/turn

%: reflection
@: mighty, lethally poisoned (-10 -> -15)
A: high MP 1, forlorn, divine attributes
a: no special abilities


You were on level 4 of the Dungeon.
You visited 1 branch of the dungeon, and saw 4 of its levels.

You collected 131 gold pieces.

Inventory:

Hand Weapons
 a - a +0 war axe (weapon)
 w - a +0 sling
Armour
 c - a +0 buckler (worn)
 o - a +1 pair of boots (worn)
 y - a +3 scale mail (worn)
Jewellery
 e - an amulet of reflection (around neck)
 f - a ring of wizardry
 j - a ring of ice
 x - a ring of protection from fire (left hand)
Scrolls
 k - a scroll of enchant weapon
 l - a scroll of teleportation
 m - a scroll of magic mapping {unknown}
 n - a scroll of blinking {unknown}
 p - a scroll of fear {unknown}
 q - a scroll of vulnerability {unknown}
 r - a scroll of amnesia {unknown}
 t - a scroll of immolation {unknown}
 u - a scroll of poison {unknown}
Potions
 b - a potion of cancellation {unknown}
 d - 2 potions of might
 g - a potion of degeneration {unknown}
 h - a potion of invisibility {unknown}
 i - a potion of flight {unknown}
 s - a potion of experience {unknown}
 v - 2 potions of haste {unknown}
 z - a potion of mutation {unknown}
 A - 2 potions of curing {unknown}
 B - a potion of berserk rage {unknown}
 C - a potion of attraction {unknown}


   Skills:
 + Level 3.8 Fighting
 + Level 4.0 Axes
 + Level 3.2 Armour
 + Level 0.3 Dodging
 + Level 0.2 Stealth
 + Level 3.4 Shields


You had 4 spell levels left.
You didn't know any spells.
Your spell library contained the following spells:

 Spells                   Type           Power      Damage    Failure   Level
 Sting                    Tmut/Pois      0%         1d3       77%         1
 Poisonous Vapours        Pois/Air       0%         N/A       88%         2
 Gell's Gravitas          Tloc           0%         N/A       98%         3
 Teleport Other           Tloc           0%         N/A       98%         3
 Olgreb's Toxic Radiance  Pois           0%         N/A       100%        4
 Dispersal                Tloc           0%         N/A       100%        6


Dungeon Overview and Level Annotations

Branches:
Dungeon (4/15)             Temple (0/1) D:4

Annotations:
D:4 Eustachio


Innate Abilities, Weirdness & Mutations

You have an increased reservoir of magic. (+10% MP)
You shall have no god before yourself.
Your divine heritage dramatically boosts your attributes as you level up.


Message History

You see here a +0 robe.
There is a stone staircase leading down here.
There is a stone staircase leading down here.
You climb downwards.
Eustachio shouts!
The ogre shouts!
The jackal barks!
The kobold shouts!
You hear a shout!
The kobold throws a poisoned dart.
You block the poisoned dart with an invisible shield... and reflect it back!
The poisoned dart closely misses the kobold.
A jackal comes into view.
Found 5 gold pieces.
Found a stone staircase leading down.
There is a stone staircase leading up here.
You feel very mighty all of a sudden.
The jackal barks!
The kobold throws a poisoned dart.
The poisoned dart barely misses you.
You slice Eustachio!!
Eustachio is heavily wounded.
Eustachio casts a spell.
Eustachio drinks a potion.
Eustachio is healed!
You block the ogre's attack.
You closely miss Eustachio. You hit the crimson imp. You slash the iron imp!
You slash the ogre!
A quokka comes into view.
The crimson imp closely misses you.
Eustachio casts a spell.
Eustachio blinks!
You block the iron imp's attack.
The ogre hits you with a +0 giant club!!
The iron imp shouts, "Scamper hence, thou craven base-court gnoll-tail!"
The crimson imp blinks!
The ogre hits you with a +0 giant club.
The kobold throws a poisoned dart.
The poisoned dart hits you!
You are poisoned.
You feel very sick. You block Eustachio's attack.
You slash the ogre!
The ogre is severely wounded.
You barely miss the jackal. You slash the jackal!
You kill the jackal!
You slash Eustachio!
You feel sick.
The ogre hits you with a +0 giant club!!
Ouch! That really hurt!
You die...

#######
#.....#
######.....#
........@..#
##.#####O@...#
.r....h ######


You could see Eustachio, an ogre, an iron imp (summoned), a crimson imp
(summoned), 2 jackals and a kobold.

Vanquished Creatures
  A scorpion (D:3)
  An orc priest (D:3)
  A hound (D:4)
  2 orc wizards (D:3)
  An adder (D:3)
  A worm (D:3)
  A dart slug (D:3)
  7 orcs (D:3)
  3 ball pythons
  8 endoplasms
  5 giant cockroaches
  8 goblins
  2 hobgoblins (D:3)
  7 jackals
  7 kobolds
  7 quokkas
  5 bats
  A frilled lizard (D:1)
  6 rats
74 creatures vanquished.

Notes
Turn   | Place    | Note
-------+----------+-------------------------------------------
     0 | D:1      | Sabo the Demigod Fighter began the quest for the Orb.
     0 | D:1      | Reached XP level 1. HP: 18/18 MP: 3/3
   246 | D:1      | Reached skill level 2 in Axes
   266 | D:1      | Reached XP level 2. HP: 26/26 MP: 4/4
  1384 | D:2      | Reached XP level 3. HP: 31/31 MP: 5/5
  2034 | D:3      | Reached skill level 3 in Axes
  2034 | D:3      | Reached XP level 4. HP: 20/38 MP: 6/6
  2203 | D:3      | Reached XP level 5. HP: 46/46 MP: 7/7
  2216 | D:3      | You fall into a shaft and drop 1 floor!
  2221 | D:4      | Found a staircase to the Ecumenical Temple.
  2362 | D:3      | Reached skill level 4 in Axes
  3020 | D:4      | Noticed Eustachio
  3020 | D:4      | Noticed an ogre
  3027 | D:4      | Mangled by an ogre

Illustrated notes

Levels and vault maps discovered:
D:1:      dpeg_cavernosity, layout_basic
D:2:      layout_loops_cross
D:3:      layout_loops_ring
D:4:      layout_basic, grunt_temple_overflow_open,
          minmay_temple_entry_glassed_door, minmay_rat_hole, uniq_ijyb,
          uniq_pikel, uniq_eustachio

Skill      XL: |  1  2  3  4  5 |
---------------+----------------+-----
Fighting       | 3 |  3.8
Axes           | 2 3 4 |  4.0
Armour         | 3 |  3.2
Shields        | 3 |  3.4
Dodging        | |  0.3
Stealth        | |  0.2

Action                     |  1- 3 |  4- 6 || total
---------------------------+-------+-------++-------
  Melee: War axe           |   118 |    64 ||   182
    Use: Scroll            |     4 |       ||     4
         Potion            |       |     1 ||     1
 Armour: Scale mail        |    51 |    24 ||    75
  Dodge: Dodged            |    45 |    25 ||    70
  Block: Buckler           |    47 |    30 ||    77
         Reflection        |     4 |     1 ||     5
